 Dungeon Sprint DCSS version 0.30.1-11-g7821555f0a (webtiles) character file.

Game seed: 12773091149423043247

824 Heoruswealwe the Spear-Bearer (level 7, 0/73 HPs)
             Began as a Minotaur Fighter on Nov 3, 2023.
             Was an Initiate of Gozag.
             Slain by a troll (12 damage)
             ... in the Dungeon (Sprint IX: "|||||||||||||||||||||||||||||").
             The game lasted 00:01:17 (144 turns).

Heoruswealwe the Spear-Bearer (Minotaur Fighter)     Turns: 144, Time: 00:01:19

Health: 0/73       AC:  8    Str: 22    XL:     7   Next: 64%
Magic:  6/6        EV: 10    Int:  5    God:    Gozag
Gold:   0          SH:  0    Dex: 10    Spells: 6/6 levels left

rFire   . . .        b - +2 halberd (venom)
rCold   . . .        (shield currently unavailable)
rNeg    . . .        c - +0 scale mail
rPois   .            (helmet restricted)
rElec   .            (no cloak)
rCorr   .            (no gloves)
SInv    .            (no boots)
Will    .....        (no amulet) Stlth
                     (no ring)
HPRegen 0.32/turn    (no ring)
MPRegen 0.10/turn

%: no teleportation
@: gold aura
A: horns 2, retaliatory headbutt
a: Renounce Religion, Potion Petition, Call Merchant, Bribe Branch


You were in the Dungeon.
You worshipped Gozag.
Gozag was noncommittal.
You visited 1 branch

Inventory:

Hand Weapons
 a - a +0 trident
 b - a +2 halberd of venom (weapon)
Armour
 c - a +0 scale mail (worn)
 d - a +0 buckler
Jewellery
 l - a +2 ring of evasion
 m - a +3 ring of dexterity
Wands
 h - a wand of quicksilver (10)
Scrolls
 j - 2 scrolls of blinking
Potions
 e - 5 potions of curing
 f - 3 potions of heal wounds
 g - a potion of haste
 i - a potion of berserk rage
 k - a potion of might


   Skills:
 + Level 10.7 Fighting
 * Level 14.2 Polearms
 + Level 10.7 Armour
 - Level 3.6 Shields


You had 6 spell levels left.
You didn't know any spells.
Your spell library was empty.

Dungeon Overview and Level Annotations

Branches:
Dungeon (1/1)

Altars:
Cheibriados
Dithmenos
Elyvilon
Fedhas
Gozag
Hepliaklqana
Kikubaaqudgha
Makhleb
Nemelex Xobeh
Okawaru
Qazlal
Ru
Sif Muna
Trog
Uskayaw
Vehumet
Wu Jian
Xom
Yredelemnul
Zin
The Shining One
Jiyva
Lugonu


Innate Abilities, Weirdness & Mutations

You have a pair of horns on your head.
You reflexively headbutt those who attack you in melee.


Message History

108 gold pieces; a +0 hand axe; a +0 robe You slash the yak!
The yak looks as sick as possible!
You headbutt the yak.
The yak is moderately wounded.
The yak gores you!
You slice the yak!!
You kill the yak!
The troll is distracted by your dazzling golden aura.
Your Fighting skill increases to level 10!
Your Polearms skill increases to level 13!
Your Armour skill increases to level 10!
The troll shouts!
You slash the yak!
The yak is poisoned.
The yak is moderately wounded.
The yak gores you!
You hit the yak.
The yak is heavily wounded.
The yak closely misses you.
You barely miss the yak.
The yak is heavily wounded.
The yak is distracted by your dazzling golden aura.
You closely miss the yak.
The yak is no longer distracted by gold.
The yak bellows!
You headbutt the yak.
The yak is heavily wounded.
The troll is no longer distracted by gold.
You slash the yak!
You kill the yak!
Your Polearms skill increases to level 14!
The troll barely misses you. The troll claws you.
* * * LOW HITPOINT WARNING * * *
The troll barely misses you.
You see here 288 gold pieces.
You barely miss the troll. Your headbutt misses the troll.
The yak is distracted by your dazzling golden aura.
The troll bites you!
* * * LOW HITPOINT WARNING * * *
The troll claws you!
You die...
Your body crumbles into a pile of gold. $$$ $$$$$ $ $ $ $$$$$ $ $ ▓▓▓▓▓▓▓▓▓▓▓▓▓▓▓▓▓▓▓▓▓▓ ____'!?).[[[..'$@TY..+ ▓▓▓▓▓▓▓▓▓▓▓▓▓▓▓▓▓▓▓▓▓▓

You could see a yak (unaware) and a troll.

Vanquished Creatures
  An unseen horror (D)
  2 yaks (D)
  2 scorpions (D)
  A wight (D)
  2 hounds (D)
  An iguana (D)
  A ball python (D)
  A hobgoblin (D)
  A quokka (D)
  A frilled lizard (D)
  A kobold (D)
14 creatures vanquished.

Notes
Turn   | Place    | Note
-------+----------+-------------------------------------------
     0 | D        | Heoruswealwe the Minotaur Fighter began the quest for the
                  | Orb.
     0 | D        | Reached XP level 1. HP: 19/19 MP: 0/0
    12 | D        | Reached skill level 3 in Polearms
    43 | D        | Noticed a scorpion
    43 | D        | Noticed an iguana
    43 | D        | Noticed a scorpion
    43 | D        | Noticed a hound
    43 | D        | Noticed a hound
    51 | D        | Killed a scorpion
    52 | D        | Reached skill level 5 in Fighting
    52 | D        | Reached skill level 7 in Polearms
    52 | D        | Reached skill level 5 in Armour
    52 | D        | Reached XP level 2. HP: 26/30 MP: 1/1
    52 | D        | Reached XP level 3. HP: 32/37 MP: 2/2
    55 | D        | Reached XP level 4. HP: 31/44 MP: 3/3
    56 | D        | Killed a scorpion
    57 | D        | Reached skill level 9 in Polearms
    57 | D        | Reached XP level 5. HP: 37/52 MP: 4/4
    69 | D        | Reached skill level 10 in Polearms
    75 | D        | Found a snail-covered altar of Cheibriados.
    75 | D        | Found a shadowy altar of Dithmenos.
    75 | D        | Found a white marble altar of Elyvilon.
    75 | D        | Found a blossoming altar of Fedhas.
    75 | D        | Found an opulent altar of Gozag.
    76 | D        | Found a hazy altar of Hepliaklqana.
    77 | D        | Found a viscous altar of Jiyva.
    78 | D        | Found an ancient bone altar of Kikubaaqudgha.
    79 | D        | Found a corrupted altar of Lugonu.
    80 | D        | Found a burning altar of Makhleb.
    81 | D        | Found a sparkling altar of Nemelex Xobeh.
    82 | D        | Found an iron altar of Okawaru.
    83 | D        | Became a worshipper of Gozag Ym Sagoz the Greedy
    84 | D        | Found a stormy altar of Qazlal.
    85 | D        | Found a sacrificial altar of Ru.
    86 | D        | Found a shimmering blue altar of Sif Muna.
    87 | D        | Found a bloodstained altar of Trog.
    88 | D        | Found a hide-covered altar of Uskayaw.
    89 | D        | Found a radiant altar of Vehumet.
    90 | D        | Found an ornate altar of the Wu Jian Council.
    91 | D        | Found a shimmering altar of Xom.
    92 | D        | Found a basalt altar of Yredelemnul.
    93 | D        | Found a glowing silver altar of Zin.
    94 | D        | Found a glowing golden altar of the Shining One.
   125 | D        | Noticed a yak
   125 | D        | Noticed a yak
   125 | D        | Noticed a troll
   125 | D        | Noticed a yak
   133 | D        | Killed an unseen horror
   134 | D        | Reached skill level 12 in Polearms
   134 | D        | Reached XP level 6. HP: 38/64 MP: 5/5
   135 | D        | Reached XP level 7. HP: 43/71 MP: 6/6
   137 | D        | Killed a yak
   138 | D        | Reached skill level 10 in Fighting
   138 | D        | Reached skill level 13 in Polearms
   138 | D        | Reached skill level 10 in Armour
   142 | D        | Killed a yak
   143 | D        | Reached skill level 14 in Polearms
   144 | D        | Slain by a troll

Illustrated notes

Levels and vault maps discovered:
D:        linesprint [early_d, line_temple, items_1, d_10, items_2, lair_1,
          lair_end, items_3, orc_1, orc_end, items_4, d_15, swamp_1, shoals_1,
          snake_1, spider_1, d_20, vaults_1, items_5, swamp_end, shoals_end,
          snake_end, spider_end, vaults_end, d_27, items_6, zot_1, zot_end,
          crypt_end, forest_end, elf_end, slime_end, tomb_end, abyss_end,
          pan_hell_end]

Skill      XL: |  1  2  3  4  5  6  7 |
---------------+----------------------+-----
Polearms       | 7 9 12 14 | 14.2
Fighting       | 5 6 7 9 10 | 10.7
Armour         | 5 6 7 9 10 | 10.7
Shields        | |  3.6

Action                     |  1- 3 |  4- 6 |  7- 9 || total
---------------------------+-------+-------+-------++-------
  Melee: Trident           |    24 |    14 |       ||    38
         Headbutt          |     3 |     6 |     2 ||    11
         Halberd           |       |     8 |     8 ||    16
 Armour: Scale mail        |     9 |    11 |     1 ||    21
  Dodge: Dodged            |    10 |     7 |     3 ||    20
  Block: Buckler           |     2 |     3 |       ||     5
